 Dungeon Crawl Stone Soup version 0.19.5 (webtiles) character file.

1742 ghjk the Cleaver (level 8, -8/71 HPs)
             Began as a Minotaur Fighter on May 22, 2017.
             Was a Follower of Okawaru.
             Killed by divine providence
             ... invoked by an orc priest
              (11 damage)
             ... on level 5 of the Dungeon.
             The game lasted 00:07:21 (5037 turns).

ghjk the Cleaver (Minotaur Fighter)                 Turns: 5037, Time: 00:07:22

Health: -8/71      AC:  9    Str: 23    XL:     8   Next: 77%
Magic:  7/7        EV:  9    Int: 11    God:    Okawaru [*.....]
Gold:   423        SH:  9    Dex: 10    Spells: 0 memorised, 7 levels left

rFire  . . .     SeeInvis +     a - +0 war axe
rCold  . . .     Gourm    .     b - +0 scale mail
rNeg   . . .     Faith    .     c - +0 shield
rPois  .         Spirit   .     (helmet restricted)
rElec  .         Reflect  .     y - +0 cloak
rCorr  .         Harm     .     (no gloves)
MR     .....                    (no boots)
Stlth  ..........               (no amulet)
                                p - ring of see invisible
                                d - +6 ring of intelligence

@: no status effects
A: retaliatory headbutt, horns 2
a: Heroism, Renounce Religion


You were on level 5 of the Dungeon.
You worshipped Okawaru.
Okawaru was aware of your devotion.
You were not hungry.

You visited 2 branches of the dungeon, and saw 6 of its levels.

You collected 423 gold pieces.

Inventory:

Hand Weapons
 a - a +0 war axe (weapon)
Armour
 b - a +0 scale mail (worn)
 c - a +0 shield (worn)
 y - a +0 cloak (worn)
Jewellery
 d - a +6 ring of intelligence (left hand)
 p - a ring of see invisible (right hand)
 q - an uncursed amulet of harm
 t - an uncursed ring of ice
 D - a +3 amulet of reflection {unknown}
Wands
 w - a wand of iceblast (11/15)
 x - a wand of iceblast (7/15)
 C - a wand of iceblast (7/15)
Scrolls
 e - 2 scrolls of teleportation
 i - 2 scrolls of remove curse
 l - a scroll of magic mapping
 m - 2 scrolls of amnesia
 v - a scroll of recharging
 z - 4 scrolls of identify
Potions
 h - 3 potions of curing {unknown}
 j - 3 potions of heal wounds {unknown}
 k - a potion of resistance {unknown}
 o - a potion of degeneration {unknown}
 r - 3 potions of agility {unknown}
 s - a potion of cure mutation {unknown}
 u - 2 potions of ambrosia
 A - a potion of haste {unknown}
 B - a potion of brilliance {unknown}
Comestibles
 f - 8 bread rations
 g - 2 beef jerkies
 n - 4 meat rations


   Skills:
 + Level 6.6 Fighting
 + Level 9.7 Axes
 + Level 8.0 Armour
 + Level 2.9 Dodging
 - Level 3.6 Shields


You had 7 spell levels left.
You didn't know any spells.

Dungeon Overview and Level Annotations

Branches:
Dungeon (5/15)             Temple (1/1) D:4

Altars:
Cheibriados
Dithmenos
Elyvilon
Fedhas
Kikubaaqudgha
Makhleb
Okawaru
Ru
Sif Muna
Trog
Uskayaw
Vehumet
Yredelemnul
The Shining One


Innate Abilities, Weirdness & Mutations

You reflexively headbutt those who attack you in melee.
You have a pair of horns on your head.


Message History

The ogre is lightly wounded.
The ogre hits you with a giant spiked club!
* * * LOW HITPOINT WARNING * * *
Unknown command.
You hit the ogre. You headbutt the ogre!
The ogre is severely wounded.
Unknown command.
You slash the ogre!
You kill the ogre!
Okawaru accepts your kill.
You see here a giant spiked club.
You see here a giant spiked club.
You hit the orc priest. You headbutt the orc priest.
The orc priest is heavily wounded.
You block the orc priest's attack.
You closely miss the orc priest.
The orc priest is heavily wounded.
The orc priest invokes the aid of Beogh against you.
Beogh smites you!
You die...

#.# #.....#....#
##.###..##.#.#..#
##.....#..#..#..#
##...).#.#.##...############
##)(.....#o................#
##...).⌠..##.⌠.##.########.#
##(.o.........###.# #.#
##(........######o########.######
.(.........+....@............>...
#..........######.#.#########.###
#..........# #.#.# #.#
....##.....# ##.#'## #.#
#...##.....# #.....# #.#
#...##.....# #.....# #.#
'....'.....# #.....# #.#
..#.##.....# #.....# #.#
..'###.....# #.....# #.#


You could see an orc priest.

Vanquished Creatures
  Menkaure (D:5)
  The ghost of snowfan the Conjurer, an amateur DEWz (D:4)
  A hornet zombie (D:5)
  A sky beast (D:5)
  A phantom (D:4)
  2 ice beasts (D:5)
  2 ogres (D:5)
  A centaur (D:5)
  Blork the orc (D:5)
  A water moccasin zombie (D:5)
  2 jellies (D:5)
  2 orc priests
  3 hounds
  Jessica (D:2)
  5 orc wizards
  3 worker ants (D:4)
  A howler monkey zombie (D:4)
  3 gnolls (D:5)
  8 adders
  2 adder zombies (D:5)
  An adder skeleton (D:4)
  4 worms
  2 dart slugs
  3 leopard geckos
  19 orcs
  6 bats
  5 giant cockroaches
  10 goblins
  6 hobgoblins
  7 jackals (D:5)
  5 quokkas
  4 frilled lizards
  6 kobolds
  A leopard gecko zombie (D:5)
  6 rats
127 creatures vanquished.

Notes
Turn   | Place    | Note
-------+----------+-------------------------------------------
     0 | D:1      | ghjk the Minotaur Fighter began the quest for the Orb.
     0 | D:1      | Reached XP level 1. HP: 19/19 MP: 0/0
   210 | D:1      | HP: 1/20 [poisoned by a goblin]
   370 | D:1      | Reached XP level 2. HP: 15/27 MP: 1/1
   644 | D:1      | You fall through a shaft!
  1168 | D:2      | Found a glowing golden altar of the Shining One.
  1172 | D:2      | Found an ancient bone altar of Kikubaaqudgha.
  1239 | D:2      | Reached XP level 3. HP: 33/33 MP: 2/2
  1341 | D:2      | Noticed Jessica
  1345 | D:2      | Killed Jessica
  1345 | D:2      | Reached skill level 5 in Armour
  1345 | D:2      | Reached XP level 4. HP: 25/41 MP: 3/3
  1722 | D:3      | Found a snail-covered altar of Cheibriados.
  1732 | D:3      | Reached skill level 3 in Axes
  1964 | D:3      | Reached skill level 1 in Dodging
  1968 | D:3      | Reached XP level 5. HP: 45/47 MP: 4/4
  2072 | D:3      | Reached skill level 4 in Axes
  2110 | D:3      | You fall through a shaft for 2 floors!
  2110 | D:5      | Entered Level 5 of the Dungeon
  2147 | D:5      | Noticed Menkaure
  2153 | D:5      | Killed Menkaure
  2153 | D:5      | Reached skill level 5 in Fighting
  2153 | D:5      | Reached skill level 5 in Axes
  2153 | D:5      | Reached XP level 6. HP: 14/56 MP: 5/5
  2339 | D:4      | Reached skill level 6 in Axes
  2836 | D:4      | Found a staircase to the Ecumenical Temple.
  2854 | Temple   | Entered the Ecumenical Temple
  3122 | D:4      | Found an iron altar of Okawaru.
  3153 | D:4      | Reached XP level 7. HP: 29/61 MP: 6/6
  3177 | D:4      | Became a worshipper of Warmaster Okawaru
  3206 | D:4      | Found a blossoming altar of Fedhas.
  3326 | D:4      | Noticed snowfan's ghost (amateur DEWz)
  3354 | D:4      | Killed snowfan's ghost
  3354 | D:4      | Reached skill level 7 in Axes
  3572 | D:4      | Found a shadowy altar of Dithmenos.
  4469 | D:5      | Noticed Blork the orc
  4480 | D:5      | Killed Blork the orc
  4503 | D:5      | Reached XP level 8. HP: 55/70 MP: 7/7
  4505 | D:5      | Reached * piety under Okawaru
  4505 | D:5      | Reached skill level 8 in Axes
  4984 | D:5      | Reached skill level 9 in Axes
  5030 | D:5      | HP: 1/71 [ogre/giant spiked club (14)]
  5037 | D:5      | Killed from afar by an orc priest

Skill      XL: |  1  2  3  4  5  6  7  8 |
---------------+-------------------------+-----
Armour         | 4 5 6 7 8 |  8.0
Fighting       | 4 5 6 |  6.6
Axes           | 3 5 6 7 9 |  9.7
Dodging        | 1 2 |  2.9
Shields        | |  3.6

Action                   |  1- 3 |  4- 6 |  7- 9 || total
-------------------------+-------+-------+-------++-------
Melee: War axe           |    70 |   138 |   150 ||   358
       Headbutt          |    10 |    19 |    37 ||    66
  Use: Potion            |     1 |       |       ||     1
       Scroll            |     5 |     2 |     1 ||     8
  Eat: Chunk             |     1 |     4 |     2 ||     7
       Beef jerky        |       |     1 |       ||     1
       Meat ration       |       |       |     1 ||     1
Armor: Scale mail        |    31 |    38 |    50 ||   119
Dodge: Dodged            |    22 |    49 |    37 ||   108
Block: Shield            |    32 |    59 |    63 ||   154
